 Dungeon Crawl Stone Soup version 0.30-b1-2-g02819fbbbe (webtiles) character file.

Game seed: 58731736576369768

499 Mesmaeker13 the Sneak (level 6, -4/43 (48) HPs)
             Began as an Armataur Hedge Wizard on May 29, 2023.
             Slain by a wight
             ... wielding a +2 battleaxe
              (8 damage)
             ... on level 4 of the Dungeon.
             The game lasted 00:07:36 (4158 turns).

Mesmaeker13 the Sneak (Armataur Hedge Wizard)       Turns: 4158, Time: 00:07:36

HP:   -4/43 (48)    AC:  6    Str: 15    XL:     6   Next: 94%
MP:   8/12          EV:  9    Int: 17    God:
Gold: 167           SH:  0    Dex:  9    Spells: 7/13 levels left

rFire   . . .        o - +3 short sword
rCold   . . .        (no shield)
rNeg    . . .        l - +1 animal skin
rPois   .            m - +0 helmet
rElec   .            (no cloak)
rCorr   .            (no gloves)
SInv    .            (no barding)
Will    .....        (no amulet)
Stlth   ++           (no ring)
HPRegen 0.27/turn    (no ring)
MPRegen 0.13/turn

%: roll
@: heavily drained
A: large, rugged brown scales 3, deformed body, armoured tail, roll, long
tongue, awkward tongue
a: no special abilities


You were on level 4 of the Dungeon.
You visited 1 branch of the dungeon, and saw 5 of its levels.

You collected 167 gold pieces.

Inventory:

Hand Weapons
 k - a +0 mace
 o - a +3 short sword (weapon)
Missiles
 i - 5 poisoned darts (quivered)
Armour
 l - a +1 animal skin (worn)
 m - a +0 helmet (worn)
 q - a +0 kite shield
Scrolls
 a - a scroll of magic mapping {unknown}
 b - a scroll of vulnerability {unknown}
 c - a scroll of teleportation
 e - a scroll of butterflies {unknown}
 g - a scroll of torment {unknown}
 j - a scroll of blinking
 p - a scroll of fear {unknown}
 r - a scroll of poison
Potions
 d - a potion of magic
 f - a potion of cancellation {unknown}
 h - a potion of heal wounds {unknown}
 n - a potion of curing


   Skills:
 - Level 1.3 Dodging
 + Level 4.8 Stealth
 + Level 4.1 Spellcasting
 + Level 3.4 Conjurations
 + Level 2.7 Summonings
 - Level 1.0 Translocations


You had 7 spell levels left.
You knew the following spells:

 Your Spells              Type           Power      Damage    Failure   Level
a - Magic Dart            Conj           60%        1d6       3%          1
b - Call Imp              Summ           24%        N/A       8%          2
c - Mephitic Cloud        Conj/Pois/Air  7%         N/A       30%         3

Your spell library contained the following spells:

 Spells                   Type           Power      Damage    Failure   Level
 Slow                     Hex            12%        N/A       16%         1
 Blink                    Tloc           12%        N/A       16%         2
 Cigotuvi's Dreadful Rot  Necr/Pois/Air  6%         N/A       24%         2


Dungeon Overview and Level Annotations

Branches:
Dungeon (5/15)
 Temple: D:4-7

Altars:
Zin


Innate Abilities, Weirdness & Mutations

You are completely covered in rugged brown scales. (AC +3, +7% HP)
Armour fits poorly on your strangely shaped body.
You have a long armoured tail.
You roll when moving toward enemies. (Rampage)
Your long tongue fully drains potion bottles. (2x potion effects)
Your tongue gives you trouble enunciating. (1.5x scroll delay)


Message History

Unknown command.
You closely miss the wight. You tail-slap the wight.
The wight is heavily damaged.
The wight barely misses you.
Your cerulean imp hits the wight but does no damage.
You barely miss the wight.
The wight is heavily damaged.
The wight hits you with a +2 battleaxe.
You feel drained.
Your cerulean imp hits the wight but does no damage.
You closely miss the wight.
Your tail-slap misses the wight.
The wight is heavily damaged.
The wight hits you with a +2 battleaxe!
You feel drained.
Your cerulean imp hits the wight but does no damage.
Your cerulean imp barely misses the wight.
There is a stone staircase leading up here.
You hit the wight but do no damage.
The wight is heavily damaged.
The wight hits you with a +2 battleaxe!
* * * LOW HITPOINT WARNING * * *
The wight hits your cerulean imp with a +2 battleaxe!
Your cerulean imp hits the wight but does no damage.
Unknown command.
Casting: Magic Dart (safe; 3% risk of failure)
Confirm with . or Enter, or press ? or * to list all spells.
Aiming: Magic Dart (safe; 3% risk of failure)
Press: ? - help, Shift-Dir - straight line, f/p - wight
Aim: a wight, wielding a +2 battleaxe and wearing a +0 robe (heavily damaged, not watching you, ally target, 100% to hit)
The magic dart hits the wight but does no damage.
The wight is heavily damaged.
The wight closely misses you. The wight misses your cerulean imp.
Your cerulean imp hits the wight but does no damage.
Casting: Magic Dart (safe; 3% risk of failure)
Confirm with . or Enter, or press ? or * to list all spells.
Aiming: Magic Dart (safe; 3% risk of failure)
Press: ? - help, Shift-Dir - straight line, f/p - wight
Aim: a wight, wielding a +2 battleaxe and wearing a +0 robe (heavily damaged, ally target, 100% to hit)
The magic dart hits the wight but does no damage.
The wight is heavily damaged.
The wight hits you with a +2 battleaxe!
You die...

.........#
#.......#............#
##########
#....#..##........#. .
######..........### #
#..#####....# #.
##.#...#....###. #.# #
#..#.#.#..#.....
#.#.#.#.##.#.#>##.....
#.#.#z.#.#..5......#
#.#..@5#.###.......#
#.#.#....#.z........
#.#.#.#...............
#.# # #...............
#. #.........##.#.. .
...#######. .##. ....
.. . #### ### #


You could see a wight (ally target) and a friendly cerulean imp (summoned).

Vanquished Creatures
  A water moccasin (D:5)
  A black bear (D:4)
  3 scorpions
  Robin (D:2)
  6 adders
  2 dart slugs
  2 bats (D:3)
  4 endoplasms
  3 giant cockroaches
  11 goblins
  3 hobgoblins
  6 jackals
  4 quokkas
  6 ball pythons
  3 frilled lizards
  8 kobolds
  4 rats
68 creatures vanquished.

Notes
Turn   | Place    | Note
-------+----------+-------------------------------------------
     0 | D:1      | Mesmaeker13 the Armataur Hedge Wizard began the quest for
                  | the Orb.
     0 | D:1      | Reached XP level 1. HP: 14/14 MP: 4/4
   100 | D:1      | Reached skill level 1 in Conjurations
   292 | D:1      | Reached XP level 2. HP: 21/21 MP: 3/5
   989 | D:2      | Learned a level 2 spell: Call Imp
  1254 | D:2      | Reached skill level 1 in Summonings
  1254 | D:2      | Reached XP level 3. HP: 26/27 MP: 3/7
  1308 | D:2      | Noticed Robin
  1753 | D:2      | Killed Robin
  1754 | D:2      | Reached XP level 4. HP: 18/35 MP: 3/8
  2286 | D:3      | Learned a level 3 spell: Mephitic Cloud
  2324 | D:3      | Found a faded altar of an unknown god.
  3417 | D:5      | Entered Level 5 of the Dungeon
  3417 | D:5      | Noticed a scorpion
  3529 | D:5      | Noticed a water moccasin
  3541 | D:5      | Noticed a scorpion
  3549 | D:5      | Killed a water moccasin
  3550 | D:5      | Reached XP level 5. HP: 21/40 MP: 3/10
  3562 | D:5      | Reached XP level 6. HP: 45/48 MP: 1/11
  4064 | D:4      | Found a glowing silver altar of Zin.
  4064 | D:4      | Noticed an angel
  4158 | D:4      | Slain by a wight

Illustrated notes

Levels and vault maps discovered:
D:1:      lightli_iron_boxes, layout_loops_ring, st_stairs_10, minmay_surrounded
D:2:      layout_basic, serial_glass, glass_columns_b, glass_columns_a,
          uniq_robin
D:3:      layout_loops_ring, hellmonk_ecumenical_altar_run_dry
D:4:      layout_cave_pools, chequers_temple_overflow_minitemple, zin_angel,
          grunt_temple_overflow_diamond, serial_shops, nicolae_shop_rolled_up,
          serial_co_window_serial, co_window_corner_a, co_window_paths_a,
          co_window_paths_a, co_window_paths_b, co_window_corner_a,
          co_window_corner_a, co_window_of_opportunity_a, co_window_broadway_a,
          co_window_unsneaky_path_b, co_window_unsneaky_path_c,
          co_window_cross_2, co_window_corner_ca, co_window_paths_c,
          co_window_paths_e
D:5:      layout_loops_ring, uniq_eustachio, uniq_edmund

Skill      XL: |  1  2  3  4  5  6 |
---------------+-------------------+-----
Conjurations   | 1 2 3 |  3.4
Spellcasting   | 3 4 |  4.1
Summonings     | 1 2 |  2.7
Stealth        | 3 4 |  4.8
Dodging        | |  1.3
Translocations | |  1.0

Action                     |  1- 3 |  4- 6 || total
---------------------------+-------+-------++-------
  Melee: Dagger            |    33 |       ||    33
         Tailslap          |     4 |    11 ||    15
         Mace              |    21 |     4 ||    25
         Short sword       |       |    83 ||    83
  Throw: Dart              |    11 |     8 ||    19
   Cast: Magic Dart        |    63 |    60 ||   123
         Call Imp          |       |     3 ||     3
         Mephitic Cloud    |       |     4 ||     4
    Use: Scroll            |     2 |     2 ||     4
         Potion            |       |     1 ||     1
   Stab: Confused          |       |     2 ||     2
 Armour: Robe              |    21 |       ||    21
         Animal skin       |       |    31 ||    31
  Dodge: Dodged            |    32 |    38 ||    70
